 Dungeon Crawl Stone Soup version 0.30-a0-879-ga8ba668304 (webtiles) character file.

Game seed: 3267930729627173410

504 pokeman the Magician (level 6, -3/34 HPs)
             Began as a Deep Elf Hedge Wizard on Mar 13, 2023.
             Slain by a gnoll
             ... wielding a +0 spear
             ... led by a gnoll bouda
              (5 damage)
             ... on level 4 of the Dungeon.
             The game lasted 00:07:06 (4144 turns).

pokeman the Magician (Deep Elf Hedge Wizard)        Turns: 4144, Time: 00:07:07

Health: -3/34      AC:  2    Str: 13    XL:     6   Next: 96%
Magic:  0/17       EV: 13    Int: 21    God:
Gold:   190        SH:  0    Dex: 20    Spells: 10/18 levels left

rFire   . . .      SeeInvis .    a - +0 dagger
rCold   . . .      Faith    .    (no shield)
rNeg    . . .      Spirit   .    b - +0 robe
rPois   .          Reflect  .    c - +0 hat
rElec   .          Rampage  .    (no cloak)
rCorr   .                        (no gloves)
Will    .....                    (no boots)
Stlth   +++                      (no amulet)
HPRegen 0.25/turn                g - +6 ring of dexterity
MPRegen 0.15/turn                o - +6 ring of strength

@: no status effects
A: no striking features
a: no special abilities


You were on level 4 of the Dungeon.
You visited 1 branch of the dungeon, and saw 4 of its levels.

You collected 190 gold pieces.

Inventory:

Hand Weapons
 a - a +0 dagger (weapon)
Armour
 b - a +0 robe (worn)
 c - a +0 hat (worn)
 k - the +5 ring mail "Qidarph" {Harm rElec rF- rC+}
   (You found it on level 2 of the Dungeon)

   rF:        It makes you vulnerable to fire.
   rC:        It protects you from cold.
   rElec:     It insulates you from electricity.
   Harm:      It increases damage dealt and taken.
Jewellery
 g - a +6 ring of dexterity (left hand)
 o - a +6 ring of strength (right hand)
Wands
 j - a wand of flame (16)
Scrolls
 e - a scroll of fog {unknown}
 h - a scroll of enchant weapon {unknown}
 i - a scroll of butterflies {unknown}
 m - 2 scrolls of identify {unknown}
 r - a scroll of immolation {unknown}
Potions
 d - a potion of magic
 f - 4 potions of curing {unknown}
 l - a potion of invisibility {unknown}
 n - a potion of cancellation {unknown}
 p - a potion of heal wounds {unknown}
 q - a potion of flight {unknown}


   Skills:
 + Level 1.2 Fighting
 - Level 1.0 Armour
 - Level 3.0 Dodging
 - Level 3.0 Stealth
 * Level 6.5 Spellcasting
 + Level 5.3 Conjurations
 + Level 1.2 Summonings
 - Level 1.1 Translocations
 - Level 1.0 Air Magic
 - Level 1.0 Poison Magic
 - Level 1.0 Evocations


You had 10 spell levels left.
You knew the following spells:

 Your Spells              Type           Power      Damage    Failure   Level
a - Magic Dart            Conj           100%       1d8       1%          1
b - Mephitic Cloud        Conj/Pois/Air  17%        N/A       10%         3
c - Call Imp              Summ           12%        N/A       9%          2
d - Blink                 Tloc           22%        N/A       9%          2

Your spell library contained the following spells:

 Spells                   Type           Power      Damage    Failure   Level
 Searing Ray              Conj           58%        2d6       1%          2
 Lesser Beckoning         Tloc           22%        N/A       9%          2
 Hailstorm                Conj/Ice       18%        3d6       9%          3
 Freeze                   Ice            24%        1d4       10%         1
 Slow                     Hex            24%        N/A       10%         1
 Cigotuvi's Dreadful Rot  Necr/Pois/Air  18%        N/A       11%         2
 Ensorcelled Hibernation  Hex/Ice        12%        N/A       14%         2
 Gell's Gravitas          Tloc           11%        N/A       17%         3
 Teleport Other           Tloc           11%        N/A       17%         3
 Spider Form              Tmut/Pois      9%         N/A       22%         3
 Frozen Ramparts          Ice            12%        1d2       28%         3
 Fulminant Prism          Conj/Hex       9%         3d7       30%         4
 Anguish                  Hex/Necr       3%         N/A       67%         4


Dungeon Overview and Level Annotations

Branches:
Dungeon (4/15)
 Temple: D:4-7

Altars:
Makhleb


Message History

You puncture the gnoll!
You kill the gnoll!
The gnoll hits your crimson imp with a +0 whip.
Your crimson imp barely misses the gnoll.
Unknown command.
The gnoll closely misses your crimson imp.
The gnoll gestures wildly.
Your crimson imp blinks!
Your magical contamination has completely faded away.
The gnoll barely misses the gnoll.
Your crimson imp hits the gnoll.
The gnoll attacks as you move away! The gnoll closely misses you.
The gnoll hits you with a +0 whip. The gnoll attacks as you move away!
The gnoll hits you with a +0 whip. The gnoll hits you with a +0 whip!
* * * LOW HITPOINT WARNING * * *
The gnoll is no longer moving quickly.
Casting: Mephitic Cloud (quite dangerous; 10% risk of failure)
Confirm with . or Enter, or press ? or * to list all spells.
The spell is quite dangerous to miscast (10% risk of failure)!
Continue anyway?
Aiming: Mephitic Cloud (quite dangerous; 10% risk of failure)
Press: ? - help, Shift-Dir - straight line, f - gnoll
Aim: a gnoll, wielding a +0 whip (chance to affect: 91%) That beam is likely to hit you.
Continue anyway?
The ball explodes into a vile cloud!
The stinking cloud engulfs the gnoll but does no damage.
The stinking cloud engulfs you but does no damage.
You are engulfed in noxious fumes.
The gnoll seems less confused.
The gnoll is engulfed in noxious fumes.
The gnoll hits you with a +0 whip.
* * * LOW HITPOINT WARNING * * *
The gnoll barely misses you.
Unknown command.
The gnoll is engulfed in noxious fumes.
The gnoll appears confused.
The gnoll closely misses you.
A gnoll breaks down the door.
The gnoll is engulfed in noxious fumes.
The gnoll appears confused.
The gnoll closely misses you. The gnoll hits you with a +0 spear.
* * * LOW HITPOINT WARNING * * *
The gnoll attacks as you move away! The gnoll hits you with a +0 spear.
You die...

#...#.##.#.# .. # ##.#
####...#.##.#.# ..#####.##.#
#......#.##.#.# #..........#
#......#.##.#.# ##......###.#
#......#.##.#.#.# #.........#
##........)..#.#.# #.........#
#..†......g......# #..........
#....##+#'##g..#####.......#.#
#.........g..@................
#............#.###............
###..........#.#.#.#.....#....
#.5..........#.......###....
#.........##.#..............
#####+#..............##.####
..####......)..##..# ...#
#......... .. ......... ##


You could see 3 gnolls.

Vanquished Creatures
  Sigmund (D:2)
  3 orc priests (D:3)
  3 orc wizards (D:3)
  A gnoll (D:4)
  6 adders
  A worm (D:4)
  2 dart slugs
  4 orcs (D:3)
  7 endoplasms
  3 giant cockroaches
  11 goblins
  7 hobgoblins
  3 jackals (D:1)
  3 quokkas
  7 ball pythons
  10 bats
  3 frilled lizards
  5 kobolds
  6 rats
86 creatures vanquished.

Vanquished Creatures (collateral kills)
  A gnoll bouda (D:4)
  An orc (D:3)
2 creatures vanquished.

Vanquished Creatures (others)
  5 plants (D:2)
5 creatures vanquished.

Grand Total: 93 creatures vanquished

Notes
Turn   | Place    | Note
-------+----------+-------------------------------------------
     0 | D:1      | pokeman the Deep Elf Hedge Wizard began the quest for the
                  | Orb.
     0 | D:1      | Reached XP level 1. HP: 10/10 MP: 7/7
   257 | D:1      | You fall into a shaft and drop 1 floor!
   267 | D:1      | Reached XP level 2. HP: 15/15 MP: 6/9
   727 | D:1      | Reached skill level 5 in Spellcasting
   836 | D:1      | Reached XP level 3. HP: 20/20 MP: 5/11
   840 | D:1      | Learned a level 3 spell: Mephitic Cloud
   843 | D:1      | Learned a level 2 spell: Call Imp
   846 | D:1      | Learned a level 2 spell: Blink
  1551 | D:2      | Reached skill level 1 in Armour
  1584 | D:2      | Reached skill level 1 in Fighting
  1782 | D:2      | Noticed Sigmund
  1805 | D:2      | Reached XP level 4. HP: 25/25 MP: 6/13
  1806 | D:2      | Killed Sigmund
  1807 | D:2      | Reached XP level 5. HP: 29/29 MP: 6/15
  1836 | D:2      | Reached skill level 5 in Conjurations
  1991 | D:2      | Identified the +5 ring mail "Qidarph" {Harm rElec rF- rC+}
  2169 | D:2      | Found a burning altar of Makhleb.
  2731 | D:3      | Reached XP level 6. HP: 13/34 MP: 5/16
  2908 | D:3      | Reached skill level 6 in Spellcasting
  3076 | D:3      | Reached skill level 1 in Poison Magic
  3440 | D:3      | Reached skill level 1 in Air Magic
  3550 | D:3      | Reached skill level 1 in Evocations
  4144 | D:4      | Slain by a gnoll

Illustrated notes

Levels and vault maps discovered:
D:1:      giann_wishing_wells, layout_basic, palyth_stone_intersect,
          chequers_serial_rivers_room_a
D:2:      cheibrodos_old_hovel, layout_basic, basic_altar, grunt_ministairs_8,
          minmay_misc_feat_rugged, uniq_sigmund
D:3:      layout_basic, kennysheep_generic_room_11
D:4:      minmay_angry_zag, layout_basic, bh_walls_and_bars

Skill      XL: |  1  2  3  4  5  6 |
---------------+-------------------+-----
Spellcasting   | 5 6 |  6.5
Armour         | 1 |  1.0
Fighting       | 1 |  1.2
Conjurations   | 2 4 5 |  5.3
Dodging        | 3 |  3.0
Stealth        | 3 |  3.0
Poison Magic   | 1 |  1.0
Air Magic      | 1 |  1.0
Evocations     | 1 |  1.0
Summonings     | |  1.2
Translocations | |  1.1

Action                     |  1- 3 |  4- 6 || total
---------------------------+-------+-------++-------
  Melee: Dagger            |     7 |    18 ||    25
   Cast: Magic Dart        |   101 |    73 ||   174
         Mephitic Cloud    |     1 |    10 ||    11
         Call Imp          |     1 |     7 ||     8
   Stab: Confused          |     1 |     7 ||     8
 Armour: Robe              |       |     1 ||     1
  Dodge: Dodged            |     5 |    23 ||    28

Table legend: (Time is in decaauts)
 A = Elapsed time spent in this place.
 B = Non-inter-level travel time spent in this place.
 C = Inter-level travel time spent in this place.
 D = Time resting spent in this place.
 E = Time spent auto-exploring this place.
 F = Levels seen in this place.
 G = Mean time per level.
                   A        B        C        D        E       F      G
               +--------+--------+--------+--------+--------+-----+--------+
         Total |   4142 |   4056 |     86 |     99 |   3460 |   4 | 1035.5 |
       Dungeon |   4142 |   4056 |     86 |     99 |   3460 |   4 | 1035.5 |
               +--------+--------+--------+--------+--------+-----+--------+

Top non-repeatable levels by time:
     D:1: 1406 daAuts
     D:3: 1326 daAuts
     D:2: 1221 daAuts
     D:4: 188 daAuts
